 Dungeon Crawl Stone Soup version 0.25-a0-110-ge29c8f2358 (webtiles) character file.

Game seed: 9502356034103216537, levelgen mode: deterministic

109 Leeroy the Slasher (level 4, -3/36 HPs)
             Began as a Draconian Skald on Nov 19, 2019.
             Slain by an orc
             ... wielding a +0 falchion
              (5 damage)
             ... on level 2 of the Dungeon.
             The game lasted 00:03:29 (2275 turns).

Leeroy the Slasher (Draconian Skald)                Turns: 2275, Time: 00:03:29

Health: -3/36      AC:  5    Str: 13    XL:     4   Next: 60%
Magic:  7/7        EV: 12    Int: 14    God:
Gold:   225        SH:  0    Dex: 11    Spells: 6/7 levels left

rFire    . . .     SeeInvis .   a - +0 falchion
rCold    . . .     Gourm    .   (no shield)
rNeg     . . .     Faith    .   (armour unavailable)
rPois    .         Spirit   .   (helmet restricted)
rElec    .         Reflect  .   (no cloak)
rCorr    .         Harm     .   (no gloves)
MR       .....                  (no boots)
Stlth    +.........             (no amulet)
HPRegen  0.12/turn              (no ring)
MPRegen  0.10/turn              (no ring)

@: flying, hasted, very quick
A: unfitting armour, cold-blooded, AC +5
a: no special abilities


You were on level 2 of the Dungeon.
You were not hungry.

You visited 1 branch of the dungeon, and saw 3 of its levels.

You collected 225 gold pieces.

Inventory:

Hand Weapons
 a - a +0 falchion (weapon)
 r - a -1 battleaxe
Missiles
 d - 17 poisoned darts (quivered)
Scrolls
 b - 2 scrolls of blinking {unknown}
 g - 2 scrolls of teleportation {unknown}
 h - 5 scrolls of identify {unknown}
 j - 4 scrolls of remove curse
 n - a scroll of fog {unknown}
 o - a scroll of noise {unknown}
Potions
 e - a potion of heal wounds {unknown}
 f - a potion of curing
 i - a potion of haste
 k - a potion of lignification {unknown}
 l - a potion of flight
 m - a potion of degeneration {unknown}
 p - a potion of brilliance {unknown}
Comestibles
 c - 5 rations
 q - 2 chunks of flesh


   Skills:
 - Level 2.1 Fighting
 + Level 4.9 Long Blades
 - Level 2.1 Dodging
 - Level 2.0 Spellcasting
 - Level 2.6 Charms


You had 6 spell levels left.
You knew the following spells:

 Your Spells              Type           Power        Failure   Level  Hunger
a - Infusion              Chrm           #...         8%          1    ##.....

Your spell library contained the following spells:

 Spells                   Type           Power        Failure   Level  Hunger
 Song of Slaying          Chrm           #.......     12%         2    ###....
 Shroud of Golubria       Chrm/Tloc      #.....       21%         2    ###....
 Regeneration             Chrm/Necr      #.........   38%         3    ####...
 Spectral Weapon          Hex/Chrm       #.......     38%         3    ####...


Dungeon Overview and Level Annotations

Branches:
Dungeon (3/15)

Altars:


Innate Abilities, Weirdness & Mutations

Your plain brown scales are hard. (AC +5)
You cannot fit into any form of body armour.
You are cold-blooded and may be slowed by cold attacks.


Message History

There is a stone staircase leading down here.
You fly downwards.
The orc misses you.
The hobgoblin hits you but does no damage.
The orc misses you.
There is a stone staircase leading up here.
The orc barely misses you. The hobgoblin hits you with a +0 club.
* * * LOW HITPOINT WARNING * * *
You fly upwards.
There is a stone staircase leading down here.
You are too injured to fight recklessly!
You hit the hobgoblin but do no damage. The orc barely misses you.
The orc hits you with a +0 falchion.
* * * LOW HITPOINT WARNING * * *
The hobgoblin hits you with a +0 club.
* * * LOW HITPOINT WARNING * * *
You hit the hobgoblin but do no damage.
You tail-slap the hobgoblin, but do no damage.
The orc misses you.
You barely miss the hobgoblin. The orc hits you with a +0 falchion.
You die...

#.............##.# #.# #.......#
'...........#.##.# #.# #.......#
#...........#..#.# #.# #.......#
#...........##.#.# #.# #.....[.#
##...........#)#.####.#
#.).....# #.###.#####.#...##...#
##)#'#### #.# #.#.....##.r##.###
#.#g# #.# #.#.######oo##.#
####<#.# #.# #.........g@##.#
#..)...## #.# ###.##########.#
#.......# ##.# #.#
#####'###..(....### .#.# #.#
#.........(.(...... .#'#####.#
#................## .........#
#.......()#......# .........#
#.........#......#
.........######.........#......#
.............##...[.....#......#


You could see 2 orcs, a hobgoblin and a rat.

Vanquished Creatures
  4 gnolls
  An adder (D:2)
  2 oozes
  5 dart slugs
  A leopard gecko (D:2)
  6 bats
  2 giant cockroaches (D:2)
  8 goblins
  3 hobgoblins (D:1)
  5 kobolds
  2 frilled lizards (D:1)
  4 rats
43 creatures vanquished.

Notes
Turn   | Place    | Note
-------+----------+-------------------------------------------
     0 | D:1      | Leeroy the Draconian Skald began the quest for the Orb.
     0 | D:1      | Reached XP level 1. HP: 17/17 MP: 3/3
   155 | D:1      | Reached XP level 2. HP: 24/24 MP: 5/5
   200 | D:1      | Reached skill level 3 in Long Blades
   414 | D:1      | Reached XP level 3. HP: 18/29 MP: 6/6
  1174 | D:2      | Reached skill level 4 in Long Blades
  1250 | D:1      | Reached XP level 4. HP: 12/36 MP: 7/7
  2275 | D:2      | Slain by an orc

Levels and vault maps discovered:
D:1:      mrwooster_arrival_statue_2, layout_basic, minmay_misc_feat_tiny
D:2:      layout_basic
D:3:      layout_rooms, serial_bayou_pond_c, uniq_robin

Skill      XL: |  1  2  3 |
---------------+----------+-----
Long Blades    | 3 4 |  4.9
Fighting       | |  2.1
Dodging        | |  2.1
Spellcasting   | |  2.0
Charms         | |  2.6

Action                   |  1- 3 |  4- 6 || total
-------------------------+-------+-------++-------
Melee: Falchion          |    95 |    21 ||   116
       Tailslap          |     7 |     5 ||    12
  Use: Potion            |       |     3 ||     3
       Scroll            |       |     1 ||     1
 Stab: Sleeping          |     1 |       ||     1
  Eat: Chunk             |     1 |     3 ||     4
Armor: Skin              |    35 |     4 ||    39
Dodge: Dodged            |    51 |    26 ||    77
       Rpst.: Falchion   |    17 |     3 ||    20

Table legend:
 A = Non-vault XP
 B = Vault XP
 C = Vault XP percentage of total XP
 D = Non-vault monster count
 E = Vault monster count
 F = Vault count percentage of total count
                 A         B        C        D         E       F
            +---------+---------+-------+---------+---------+-------
      Total |     157 |       0 |   0.0 |      43 |       0 |   0.0
            +---------+---------+-------+---------+---------+-------
        D:1 |      76 |       0 |   0.0 |      22 |       0 |   0.0
        D:2 |      81 |       0 |   0.0 |      21 |       0 |   0.0
            +---------+---------+-------+---------+---------+-------
